 Dungeon Crawl Stone Soup version 0.30.1-4-g462c640d31 (webtiles) character file.

Game seed: 9716063330450114560

382 spardeous the Conjurer (level 6, -1/45 HPs)
             Began as a Demigod Conjurer on Aug 12, 2023.
             Slain by a steam dragon (3 damage)
             ... on level 4 of the Dungeon.
             The game lasted 00:05:14 (4125 turns).

spardeous the Conjurer (Demigod Conjurer)           Turns: 4125, Time: 00:05:15

Health: -1/45      AC:  8    Str:  8    XL:     6   Next: 22%
Magic:  5/14       EV: 11    Int: 28    God:
Gold:   174        SH:  0    Dex: 12    Spells: 4/11 levels left

rFire   . . .        (no weapon)
rCold   . . .        (no shield)
rNeg    . . .        r - +0 leather armour
rPois   .            (no helmet)
rElec   .            (no cloak)
rCorr   .            (no gloves)
SInv    .            e - +0 pair of boots
Will    .....        (no amulet)
Stlth   ++           n - +4 ring of protection
HPRegen 0.27/turn    s - ring of flight
MPRegen 0.14/turn

%: no passive effects
@: flying
A: high MP 1, forlorn, divine attributes
a: no special abilities


You were on level 4 of the Dungeon.
You visited 1 branch of the dungeon, and saw 4 of its levels.

You collected 174 gold pieces.

Inventory:

Missiles
 k - a throwing net
Armour
 a - a +0 robe
 e - a +0 pair of boots (worn)
 r - a +0 leather armour (worn)
Jewellery
 n - a +4 ring of protection (left hand)
 s - a ring of flight (right hand)
Wands
 v - a wand of flame (12)
Scrolls
 f - a scroll of teleportation {unknown}
 g - a scroll of vulnerability {unknown}
 h - 6 scrolls of identify {unknown}
 i - 2 scrolls of blinking {unknown}
 j - a scroll of poison {unknown}
 p - a scroll of magic mapping {unknown}
 q - a scroll of fear {unknown}
 u - a scroll of enchant armour {unknown}
 w - a scroll of immolation {unknown}
Potions
 b - a potion of magic
 c - 2 potions of brilliance {unknown}
 d - 4 potions of curing {unknown}
 l - 2 potions of heal wounds {unknown}
 m - a potion of attraction {unknown}
 o - a potion of flight {unknown}
 t - a potion of mutation {unknown}


   Skills:
 - Level 1.7 Dodging
 - Level 1.7 Stealth
 - Level 3.4 Spellcasting
 - Level 4.9 Conjurations
 + Level 3.6 Translocations


You had 4 spell levels left.
You knew the following spells:

 Your Spells              Type           Power      Damage    Failure   Level
a - Magic Dart            Conj           100%       1d8       1%          1
b - Searing Ray           Conj           64%        2d6       2%          2
c - Iskenderun's Mystic   Conj/Tloc      28%        2d7       21%         4

Your spell library contained the following spells:

 Spells                   Type           Power      Damage    Failure   Level
 Shock                    Conj/Air       72%        1d7       4%          1
 Dazzling Flash           Conj/Hex       36%        N/A       12%         3
 Volatile Blastmotes      Fire/Tloc      28%        2d12      16%         3
 Ozocubu's Armour         Ice            4%         N/A       34%         3
 Swiftness                Air            4%         N/A       34%         3
 Fulminant Prism          Conj/Hex       9%         3d6       38%         4
 Airstrike                Air            2%         2d(1-17)  75%         4
 Metabolic Englaciation   Hex/Ice        2%         N/A       97%         5
 Starburst                Conj/Fire      9%         6d5       99%         6
 Simulacrum               Ice/Necr       2%         N/A       100%        6


Dungeon Overview and Level Annotations

Branches:
Dungeon (4/15)
 Temple: D:4-7

Annotations:
D:2 1 runed translucent door, Crazy Yiuf


Innate Abilities, Weirdness & Mutations

You have an increased reservoir of magic. (+10% MP)
You shall have no god before yourself.
Your divine heritage dramatically boosts your attributes as you level up.


Message History

The steam dragon is lightly wounded. (Press . to maintain the ray.)
The steam dragon closely misses you. x2
You now have 12/14 mp.
The searing ray hits the steam dragon.
The steam dragon is moderately wounded.
The steam dragon barely misses you.
The steam dragon claws you but does no damage.
You now have 11/14 mp.
The searing ray hits the steam dragon.
The steam dragon is heavily wounded.
The steam dragon bites you! The steam dragon claws you.
You take 8 damage, and have 25/45 hp.
You now have 10/14 mp.
The searing ray hits the steam dragon.
The steam dragon is heavily wounded.
You finish channelling your searing ray.
The steam dragon bites you!
* * * LOW HITPOINT WARNING * * *
The steam dragon claws you.
* * * LOW HITPOINT WARNING * * *
You take 11 damage, and have 14/45 hp.
MASSIVE DAMAGE!!
You now have 9/14 mp.
Casting: Searing Ray (safe; 2% risk of failure)
Confirm with . or Enter, or press ? or * to list all spells.
Okay, then.
Casting: Searing Ray (safe; 2% risk of failure)
Confirm with . or Enter, or press ? or * to list all spells.
The spell is quite dangerous to miscast (21% risk of failure)!
Continue anyway?
Okay, then.
Casting: Iskenderun's Mystic Blast (quite dangerous; 21% risk of failure)
Confirm with . or Enter, or press ? or * to list all spells.
The spell is quite dangerous to miscast (21% risk of failure)!
Continue anyway?
You erupt in a blast of force!
The mystic blast hits the steam dragon!
The steam dragon is almost dead.
The steam dragon breathes steam at you. The ball of steam hits you!
* * * LOW HITPOINT WARNING * * *
You take 12 damage, and have 2/45 hp.
MASSIVE DAMAGE!!
You now have 5/14 mp.
A hobgoblin comes into view.
The steam dragon bites you.
You die...

#............#
#.(..........#
#............#
#............#
#...........(#
#............#
#.....÷......#
#.###.......D§§§§#######
.......g......@§..'.....#
###.###......<....#####.#
(. ##.########## #.# $.
#.# #.# #.# #.# #.# #.#
### #.# #.# #.. #.# #.#
#._ #.# #.# #..


You could see a steam dragon (catching breath) and a hobgoblin.

Vanquished Creatures
  Blork the orc (D:4)
  A scorpion (D:3)
  A hound (D:4)
  An iguana (D:4)
  Natasha (thrice) (D:2)
  An adder (D:3)
  4 gnolls (D:2)
  3 worms (D:2)
  A dart slug (D:1)
  3 orcs (D:3)
  5 ball pythons
  8 endoplasms
  3 giant cockroaches
  8 goblins
  8 hobgoblins
  4 jackals (D:4)
  A quokka (D:2)
  2 frilled lizards
  5 kobolds
  4 rats (D:1)
67 creatures vanquished.

Notes
Turn   | Place    | Note
-------+----------+-------------------------------------------
     0 | D:1      | spardeous the Demigod Conjurer began the quest for the Orb.
     0 | D:1      | Reached XP level 1. HP: 14/14 MP: 5/5
   258 | D:1      | Reached XP level 2. HP: 20/20 MP: 0/7
   461 | D:1      | Reached skill level 4 in Conjurations
  1293 | D:2      | Reached XP level 3. HP: 26/26 MP: 4/9
  1345 | D:1      | Learned a level 2 spell: Searing Ray
  1885 | D:2      | Reached XP level 4. HP: 33/33 MP: 3/11
  2002 | D:2      | Noticed Natasha
  2026 | D:2      | Killed Natasha
  2250 | D:2      | Noticed Natasha
  2256 | D:2      | Killed Natasha
  2380 | D:2      | Noticed Natasha
  2383 | D:2      | Killed Natasha
  2384 | D:2      | Reached XP level 5. HP: 38/38 MP: 8/13
  2456 | D:2      | Found a runed translucent door.
  2457 | D:2      | Noticed Crazy Yiuf
  2698 | D:2      | Learned a level 4 spell: Iskenderun's Mystic Blast
  3096 | D:3      | Reached skill level 1 in Translocations
  3818 | D:4      | Noticed a steam dragon
  3965 | D:4      | Noticed Blork the orc
  3970 | D:4      | Killed Blork the orc
  3971 | D:4      | Reached XP level 6. HP: 40/45 MP: 8/14
  4124 | D:4      | HP: 2/45 [steam dragon/ball of steam (12)]
  4125 | D:4      | Slain by a steam dragon

Illustrated notes

Levels and vault maps discovered:
D:1:      dpeg_arrival_morbid_curiosity, layout_loops_ring,
          basic_ecumenical_altar
D:2:      layout_basic, kennysheep_nondescript, minmay_pentomino_v2,
          uniq_natasha, uniq_crazy_yiuf_cottage
D:3:      layout_loops_ring, nicolae_wu_jian_glorious_leap,
          minmay_shallow_snake_nest
D:4:      minmay_general_purpose_star, layout_basic,
          mainiacjoe_overflow_big_doors, enter_ossuary_4, uniq_menkaure,
          uniq_blork_the_orc, uniq_sigmund

Skill      XL: |  1  2  3  4  5 |
---------------+----------------+-----
Spellcasting   | 2 3 |  3.4
Conjurations   | 4 |  4.9
Translocations | 3 |  3.6
Dodging        | |  1.7
Stealth        | |  1.7

Action                     |  1- 3 |  4- 6 || total
---------------------------+-------+-------++-------
  Melee: Unarmed           |       |     9 ||     9
   Cast: Magic Dart        |    72 |    45 ||   117
         Searing Ray       |     5 |    18 ||    23
         Iskenderun's Myst |       |     1 ||     1
 Armour: Robe              |     1 |       ||     1
         Leather armour    |       |    23 ||    23
  Dodge: Dodged            |     7 |    37 ||    44
